 Dungeon Crawl Stone Soup version 0.31-a0-1009-g454b1f1e0a (webtiles) character file.

Game seed: 2922811627208635207

142 Ivernyr the Shield-Bearer (level 5, -4/42 HPs)
             Began as a Formicid Fighter on Nov 16, 2023.
             Slain by an ogre
             ... wielding a +0 giant club
              (29 damage)
             ... on level 4 of the Dungeon.
             The game lasted 00:03:50 (2192 turns).

Ivernyr the Shield-Bearer (Formicid Fighter)        Turns: 2192, Time: 00:03:51

Health: -4/42      AC:  7    Str: 22    XL:     5   Next: 49%
Magic:  5/5        EV:  9    Int:  8    God:
Gold:   127        SH:  5    Dex: 13    Spells: 4/4 levels left

rFire   . . .        a - +0 quarterstaff
rCold   . . .        c - +0 buckler
rNeg    . . .        b - +0 scale mail
rPois   .            (helmet unavailable)
rElec   .            (no cloak)
rCorr   .            (no gloves)
SInv    +            (no boots)
Will    .....        (no amulet) Stlth
                     (no ring)
HPRegen 0.27/turn    (no ring)
MPRegen 0.09/turn

%: no passive effects
@: no status effects
A: permanent stasis, dig shafts and tunnels, antennae 3, four strong arms
a: Dig, Shaft Self


You were on level 4 of the Dungeon.
You visited 1 branch of the dungeon, and saw 4 of its levels.

You collected 127 gold pieces.

Inventory:

Hand Weapons
 a - a +0 quarterstaff (weapon)
Armour
 b - a +0 scale mail (worn)
 c - a +0 buckler (worn)
Scrolls
 e - 3 scrolls of identify {unknown}
 f - 2 scrolls of immolation {unknown}
 g - 2 scrolls of blinking {unknown}
 j - a scroll of butterflies {unknown}
 k - a scroll of revelation {unknown}
 l - a scroll of vulnerability {unknown}
 n - a scroll of poison {unknown}
 o - a scroll of enchant weapon {unknown}
Potions
 d - a potion of might
 h - a potion of resistance {unknown}
 i - a potion of haste {unknown}
 m - a potion of curing {unknown}


   Skills:
 + Level 4.0 Fighting
 * Level 3.6 Staves
 + Level 4.1 Armour
 + Level 4.9 Shields


You had 4 spell levels left.
You didn't know any spells.
Your spell library contained the following spells:

 Spells                   Type           Power      Damage    Failure   Level
 Shock                    Conj/Air       0%         1d3       80%         1
 Airstrike                Air            0%         2d(0-16)  100%        4
 Swiftness                Air            Unusable   N/A       N/A         3

Dungeon Overview and Level Annotations

Branches:
Dungeon (4/15)
 Temple: D:4-7

Altars:

Shops:
D:3 :


Innate Abilities, Weirdness & Mutations

You cannot be hasted, slowed, berserked, paralysed or teleported.
You can dig through walls and to a lower floor.
You have a pair of large antennae on your head. (SInv)
Your four strong arms can wield two-handed weapons with a shield.


Message History

Found 12 gold pieces.
Found a stone staircase leading up.
There is a stone staircase leading up here.
You now have 124 gold pieces (gained 9).
You now have 127 gold pieces (gained 3).
You sense a monster nearby.
Found 5 stones.
An endoplasm comes into view.
The endoplasm quivers.
An endoplasm is nearby!
You hit the endoplasm.
The endoplasm is heavily wounded.
You block the endoplasm's attack.
You barely miss the endoplasm.
The endoplasm is heavily wounded.
The endoplasm closely misses you.
You thump the endoplasm!
You kill the endoplasm!
e - 3 scrolls labelled JIN HE RONOTI (gained 1)
You open the door.
There is an open door here.
Found a mace.
An ogre comes into view. It is wielding a +0 giant club.
The ogre shouts!
An ogre is nearby!
You hit the ogre.
The ogre is lightly wounded.
The ogre barely misses you.
You barely miss the ogre.
The ogre is lightly wounded.
The ogre hits you with a +0 giant club!!
You hit the ogre.
The ogre is moderately wounded.
You sock the ogre!
The ogre is severely wounded.
The ogre closely misses you.
You barely miss the ogre.
The ogre is severely wounded.
The ogre hits you with a +0 giant club!!
Ouch! That really hurt!
You die...

#####..~##≈≈###.........
....#~≈#≈≈≈~..###...
....##≈≈≈≈≈≈##.# . .....
≈#≈≈≈#≈≈#.#
)....#≈≈≈≈≈≈≈≈#.# # ≈#
≈#≈≈#.# ≈≈ #..# #≈
###..# #.@..#
......O...# .......####
....... ....... .......
....... .......


You could see an ogre.

Vanquished Creatures
  A howler monkey (D:3)
  An orc priest (D:3)
  An adder (D:2)
  2 dart slugs
  5 orcs (D:3)
  5 ball pythons
  6 endoplasms
  2 giant cockroaches
  6 goblins
  6 hobgoblins
  A quokka (D:2)
  7 bats
  2 frilled lizards
  4 kobolds
  3 rats
52 creatures vanquished.

Notes
Turn   | Place    | Note
-------+----------+-------------------------------------------
     0 | D:1      | Ivernyr the Formicid Fighter began the quest for the Orb.
     0 | D:1      | Reached XP level 1. HP: 18/18 MP: 1/1
   280 | D:1      | Reached XP level 2. HP: 24/24 MP: 2/2
   608 | D:1      | Reached XP level 3. HP: 29/29 MP: 3/3
  1174 | D:2      | Reached XP level 4. HP: 37/37 MP: 4/4
  1650 | D:3      | Reached XP level 5. HP: 29/42 MP: 5/5
  1749 | D:3      | Found Doriajib's Book Emporium.
  2184 | D:4      | Noticed an ogre
  2192 | D:4      | Slain by an ogre

Illustrated notes

Levels and vault maps discovered:
D:1:      heliophobic_arrival_glass_houses, layout_basic, serial_bayou_pond_a
D:2:      layout_basic, minmay_pentomino_pile
D:3:      layout_basic, serial_shops, shop
D:4:      layout_gridville, minmay_temple_entry_proselytizer,
          dreamdust_princess_corridor, minivault_4, minmay_misc_feat_x

Skill      XL: |  1  2  3  4 |
---------------+-------------+-----
Staves         | 3 |  3.6
Fighting       | 4 |  4.0
Armour         | 4 |  4.1
Shields        | |  4.9

Action                     |  1- 3 |  4- 6 || total
---------------------------+-------+-------++-------
  Melee: Quarterstaff      |   102 |    70 ||   172
 Armour: Scale mail        |    64 |    45 ||   109
  Dodge: Dodged            |    54 |    32 ||    86
  Block: Buckler           |    34 |    17 ||    51

Table legend: (Time is in decaauts)
 A = Elapsed time spent in this place.
 B = Non-inter-level travel time spent in this place.
 C = Inter-level travel time spent in this place.
 D = Time resting spent in this place.
 E = Time spent auto-exploring this place.
 F = Levels seen in this place.
 G = Mean time per level.
                   A        B        C        D        E       F      G
               +--------+--------+--------+--------+--------+-----+--------+
         Total |   2223 |   2172 |     51 |    135 |   1586 |   4 |  555.8 |
       Dungeon |   2223 |   2172 |     51 |    135 |   1586 |   4 |  555.8 |
               +--------+--------+--------+--------+--------+-----+--------+

Top non-repeatable levels by time:
     D:1: 751 daAuts
     D:2: 731 daAuts
     D:3: 667 daAuts
     D:4: 73 daAuts
